cohdb
Replays
Latest Replays
All Replays
Popular Replays
Top Player Replays
Match Explorer
How It Works
Community
CoH3 Stats
Reddit
Sign in to upload your games and track your stats! →
Sign in with Steam
Match 45102957
Unlisted
Match 45102957
Overview
Messages
Build Orders
End
Construct Section Command Post
Selects Air and Sea Battlegroup
Infantry Section
Dingo Light Scout Car
Infantry Section
Infantry Section
Construct Platoon Command Post
Humber Armored Car
Selects Commando Section Paradrop
Commando Section Paradrop
Selects M1 Pack Howitzer Paradrop
M1 Pack Howitzer Paradrop
Infantry Training
6-pounder Anti-tank Gun Team
Selects Supply Surplus
6-pounder Anti-tank Gun Team
Construct Company Command Post
Selects Incendiary Bombing Run
Crusader II Medium Tank
Speznuts
IJ-Cones
pagep
7k this year for sure
0
0
Comments
sign in to comment!
No comments posted yet!